 Dungeon Crawl Stone Soup version 0.30-a0-305-g026cb31310 (webtiles) character file.

Game seed: 17712139722874918139

5703 Lanoc the Tainter (level 10, -8/56 HPs)
             Began as a Demonspawn Venom Mage on Oct 21, 2022.
             Was a Follower of Ru.
             Killed from afar by an acid dragon (29 damage)
             ... with a splash of acid
             ... on level 9 of the Dungeon.
             The game lasted 00:21:22 (7706 turns).

Lanoc the Tainter (Demonspawn Venom Mage)           Turns: 7706, Time: 00:21:23

Health: -8/56      AC:  7    Str:  9    XL:     10   Next: 48%
Magic:  0/13       EV: 16    Int: 24    God:    Ru [*.....]
Gold:   453        SH:  0    Dex: 14    Spells: 8/13 levels left

rFire   . . .      SeeInvis +    G - +5 hand axe (freeze)
rCold   . . .      Faith    .    (no shield)
rNeg    . . .      Spirit   +    a - +1 robe
rPois   +          Reflect  .    (no helmet)
rElec   .          Harm     .    C - +1 cloak
rCorr   .          Rampage  .    (no gloves)
Will    .....                    (no boots)
Stlth   ++........               v - amulet of the Dull Lemon {Acrobat rPois Regen+ Int+4}
HPRegen 1.09/turn                r - ring of see invisible
MPRegen 0.26/turn                F - +4 ring of slaying

@: corroded, sanguine armoured
A: frail 1, foul stench 1, magic shield, magic regeneration, sanguine armour 1,
weakness stinger 2
a: Renounce Religion


You were on level 9 of the Dungeon.
You worshipped Ru.
Ru was aware of your devotion.
You visited 2 branches of the dungeon, and saw 10 of its levels.
You also visited: Bailey.

You collected 453 gold pieces.

Inventory:

Hand Weapons
 G - a +5 hand axe of freezing (weapon)
Missiles
 f - 3 throwing nets
Armour
 a - a +1 robe (worn)
 C - a +1 cloak (worn)
Jewellery
 r - a ring of see invisible (left hand)
 s - a ring of resist corrosion
 v - the amulet of the Dull Lemon (around neck) {Acrobat rPois Regen+ Int+4}
   (You took it off a hobgoblin on level 3 of the Dungeon)

   [amulet of the acrobat]

   It increases your evasion while moving and waiting.
   Int:       It affects your intelligence (+4).
   rPois:     It protects you from poison.
   Regen:     It increases your rate of health regeneration.
 F - a +4 ring of slaying (right hand)
Wands
 m - a wand of mindburst (11)
 w - a wand of iceblast (23)
 y - a wand of flame (18)
Scrolls
 d - a scroll of enchant weapon {unknown}
 e - a scroll of immolation
 i - 5 scrolls of teleportation
 j - a scroll of blinking
 n - 3 scrolls of torment
 o - 2 scrolls of amnesia
 p - a scroll of fear
 A - a scroll of brand weapon
 B - 4 scrolls of poison
 D - 4 scrolls of enchant armour
 E - a scroll of silence
Potions
 b - 2 potions of magic
 c - 2 potions of invisibility {unknown}
 g - a potion of haste
 h - a potion of attraction {unknown}
 k - a potion of lignification {unknown}
 l - a potion of flight {unknown}
 t - 3 potions of curing {unknown}
 u - 3 potions of mutation {unknown}
 z - 2 potions of heal wounds


   Skills:
 + Level 8.6 Dodging
 - Level 1.7 Stealth
 - Level 2.0 Spellcasting
 - Level 0.8 Transmutations
 * Level 13.1 Poison Magic


You had 8 spell levels left.
You knew the following spells:

 Your Spells              Type           Power      Damage    Failure   Level
a - Sting                 Tmut/Pois      100%       1d8       1%          1
d - Olgreb's Toxic Radia  Pois           60%        N/A       1%          4

Your spell library contained the following spells:

 Spells                   Type           Power      Damage    Failure   Level
 Poisonous Vapours        Pois/Air       68%        N/A       1%          2
 Mephitic Cloud           Conj/Pois/Air  23%        N/A       6%          3
 Slow                     Hex            8%         N/A       12%         1
 Summon Small Mammal      Summ           8%         N/A       12%         1
 Blink                    Tloc           4%         N/A       19%         2
 Momentum Strike          Conj/Tloc      4%         3d8       19%         2
 Call Canine Familiar     Summ           2%         N/A       34%         3
 Confusing Touch          Hex            2%         N/A       34%         3
 Frozen Ramparts          Ice            4%         1d1       34%         3
 Gell's Gravitas          Tloc           2%         N/A       34%         3
 Lesser Beckoning         Tloc           4%         N/A       34%         3
 Portal Projectile        Hex/Tloc       4%         N/A       34%         3
 Summon Guardian Golem    Hex/Summ       2%         N/A       34%         3
 Teleport Other           Tloc           2%         N/A       34%         3
 Vampiric Draining        Necr           2%         2d6       34%         3
 Ice Form                 Ice/Tmut       4%         N/A       69%         4
 Leda's Liquefaction      Hex/Erth       1%         N/A       75%         4
 Summon Ice Beast         Ice/Summ       2%         N/A       75%         4


Dungeon Overview and Level Annotations

Branches:
Dungeon (9/15)             Temple (1/1) D:6          Bailey (visited)
   Lair: D:8-11         Orc: D:9-12

Altars:
Ashenzari
Cheibriados
Gozag
Hepliaklqana
Kikubaaqudgha
Nemelex Xobeh
Okawaru
Qazlal
Ru
Wu Jian
Xom
Yredelemnul


Innate Abilities, Weirdness & Mutations

You are frail. (-10% HP)
You may rarely emit foul miasma when damaged in melee.
When hurt, damage is shared between your health and your magic reserves.
You regenerate magic rapidly.
When seriously injured, your blood forms armour. (AC +6)
You have a tail ending in a sharp stinger.


Message History

You hit the acid dragon. You freeze the acid dragon.
You tail-slap the acid dragon, but do no damage.
The acid dragon is heavily wounded.
The acid dragon bites you! The acid dragon claws you.
You hit the acid dragon. You freeze the acid dragon.
The acid dragon is severely wounded.
Your toxic aura wanes.
The acid dragon bites you. The acid dragon completely misses you.
You completely miss the acid dragon.
The acid dragon is severely wounded.
The acid dragon misses you. The acid dragon closely misses you. x2
The acid dragon claws you.
Casting: Olgreb's Toxic Radiance (dangerous; 1% risk of failure)
Confirm with . or Enter, or press ? or * to list all spells.
Aiming: Sting (safe; 1% risk of failure)
Press: ? - help, Shift-Dir - straight line, f - acid dragon
Aim: an acid dragon (severely wounded, 78% to hit)
The sting misses the acid dragon.
The acid dragon spits acid at you. The splash of acid hits you!!
Your blood congeals into armour.
The acid corrodes you!
Casting: Sting (safe; 1% risk of failure)
Confirm with . or Enter, or press ? or * to list all spells.
Aiming: Sting (safe; 1% risk of failure)
Press: ? - help, Shift-Dir - straight line, f/p - acid dragon
Aim: an acid dragon (severely wounded, catching its breath, 78% to hit)
The sting hits the acid dragon.
The acid dragon partially resists.
The acid dragon is severely wounded.
The acid dragon misses you.
The acid dragon claws you but does no damage.
You hit the acid dragon. You freeze the acid dragon.
You tail-slap the acid dragon, but do no damage.
The acid dragon is severely wounded.
The acid dragon bites you. The acid dragon closely misses you.
You hit the acid dragon. You freeze the acid dragon.
The acid dragon is almost dead.
The acid dragon spits acid at you. The splash of acid hits you!!
Ouch! That really hurt!
You die...

############
#......?...#.+
#....<@D.....#
#............###
..#..........#
#.....!....#
#..........#
###.######## ..
#.#


You could see an acid dragon (catching breath).

Vanquished Creatures
  A two-headed ogre (D:8)
  Sigmund (D:5)
  3 yaks (D:8)
  2 water moccasins
  10 orc warriors (Bailey)
  2 ogres
  12 centaurs
  A tengu (shapeshifter) (D:8)
  A bullfrog (D:8)
  A gnoll sergeant (D:6)
  3 necrophages
  2 scorpions
  13 wights (D:7)
  12 killer bees
  A howler monkey (D:4)
  A jelly (D:7)
  Crazy Yiuf (D:5)
  5 iguanas
  An orc wizard (D:8)
  8 gnolls
  8 adders
  A shadow imp (D:6)
  A white imp (D:6)
  An ufetubus (D:5)
  A worm (D:2)
  3 dart slugs
  24 orcs
  9 ball pythons
  7 bats
  5 endoplasms
  2 giant cockroaches
  13 goblins
  7 hobgoblins
  4 jackals
  2 kobolds
  5 frilled lizards
  5 rats
179 creatures vanquished.

Vanquished Creatures (others)
  7 plants (D:6)
7 creatures vanquished.

Grand Total: 186 creatures vanquished

Notes
Turn   | Place    | Note
-------+----------+-------------------------------------------
     0 | D:1      | Lanoc the Demonspawn Venom Mage began the quest for the
                  | Orb.
     0 | D:1      | Reached XP level 1. HP: 13/13 MP: 3/3
   183 | D:1      | Gained mutation: You have a small tail. [demonic ancestry]
   183 | D:1      | Reached XP level 2. HP: 16/19 MP: 1/5
   945 | D:1      | Gained mutation: You regenerate magic rapidly. [demonic
                  | ancestry]
   945 | D:1      | Reached XP level 3. HP: 13/24 MP: 0/6
  1174 | D:2      | Reached skill level 4 in Poison Magic
  2182 | D:3      | Found an ancient bone altar of Kikubaaqudgha.
  2216 | D:3      | Gained mutation: You may rarely emit foul miasma when
                  | damaged in melee. [demonic ancestry]
  2216 | D:3      | Reached XP level 4. HP: 29/30 MP: 4/7
  2257 | D:3      | Learned a level 4 spell: Olgreb's Toxic Radiance
  2620 | D:3      | Identified the amulet of the Dull Lemon {Acrobat rPois
                  | Regen+ Int+4}
  2704 | D:4      | Reached skill level 5 in Poison Magic
  2704 | D:4      | Reached XP level 5. HP: 35/35 MP: 1/8
  3141 | D:5      | Entered Level 5 of the Dungeon
  3146 | D:5      | Noticed an ogre
  3153 | D:5      | Killed an ogre
  3154 | D:5      | Gained mutation: You have a tail ending in a sharp stinger.
                  | [demonic ancestry]
  3154 | D:5      | Reached XP level 6. HP: 37/41 MP: 1/9
  3220 | D:5      | Found a runed translucent door.
  3221 | D:5      | Noticed Crazy Yiuf
  3293 | D:5      | Reached skill level 6 in Poison Magic
  3309 | D:5      | Gained mutation: When hurt, damage is shared between your
                  | health and your magic reserves. [demonic ancestry]
  3309 | D:5      | Reached XP level 7. HP: 40/46 MP: 4/10
  3312 | D:5      | Reached skill level 7 in Poison Magic
  3771 | D:5      | Noticed Sigmund
  3782 | D:5      | Killed Sigmund
  4066 | D:5      | Killed Crazy Yiuf
  4067 | D:5      | Reached skill level 5 in Dodging
  4067 | D:5      | Reached skill level 8 in Poison Magic
  4210 | D:6      | Gained mutation: When seriously injured, your blood forms
                  | armour. (AC +6) [demonic ancestry]
  4210 | D:6      | Reached XP level 8. HP: 42/52 MP: 4/11
  4400 | D:6      | Found a staircase to the Ecumenical Temple.
  4437 | Temple   | Entered the Ecumenical Temple
  4467 | Temple   | Became a worshipper of Ru the Awakened
  4915 | D:7      | Reached skill level 9 in Poison Magic
  5461 | D:7      | Reached skill level 10 in Poison Magic
  5478 | D:7      | Reached XP level 9. HP: 35/53 MP: 9/12
  5549 | D:7      | Gained mutation: You are frail. (-10% HP) [Ru sacrifice]
  5549 | D:7      | Reached * piety under Ru
  6102 | D:8      | Reached skill level 11 in Poison Magic
  6156 | D:8      | Found a flagged portal.
  6166 | Bailey   | Entered a bailey
  6554 | Bailey   | Reached skill level 12 in Poison Magic
  6613 | Bailey   | Reached XP level 10. HP: 49/56 MP: 0/13
  6977 | D:8      | Noticed a two-headed ogre
  6994 | D:8      | Killed a two-headed ogre
  7070 | D:8      | Reached skill level 13 in Poison Magic
  7322 | D:8      | Found an iron altar of Okawaru.
  7706 | D:9      | Killed from afar by an acid dragon

Illustrated notes

Levels and vault maps discovered:
D:1:      lightli_arrival_chessboard, layout_basic
D:2:      layout_basic, basic_altar
D:3:      layout_rooms, mainiacjoe_overflow_cross_hatched
D:4:      layout_rooms
D:5:      layout_basic, uniq_crazy_yiuf_cottage, uniq_sigmund
D:6:      layout_rooms, minmay_temple_entry_gardened_gates
D:7:      layout_basic, grunt_decor_arrowhead, minmay_stone_trees_small
D:8:      layout_cave_pods, mainiacjoe_overflow_boulevard, enter_bailey_6,
          st_stairs_9, minmay_liquid_box, hangedman_decor_diamond_cutter
D:9:      layout_roguey, kennysheep_little_box, minmay_overflow_temple_hex,
          kennysheep_orc_sif_temple, lair_entry_dummy, orc_0_dummy
Temple:   hellmonk_temple_two_chambers

Skill      XL: |  1  2  3  4  5  6  7  8  9 10 |
---------------+-------------------------------+-----
Dodging        | 2 3 4 5 6 7 8 |  8.6
Poison Magic   | 4 5 6 8 10 12 13 | 13.1
Stealth        | |  1.7
Spellcasting   | |  2.0
Transmutations | |  0.8

Action                   |  1- 3 |  4- 6 |  7- 9 | 10-12 || total
-------------------------+-------+-------+-------+-------++-------
Melee: Unarmed           |    25 |       |       |       ||    25
       Punch             |     1 |     1 |     4 |     1 ||     7
       Staff             |     7 |     1 |       |       ||     8
       Flail             |       |    12 |    23 |       ||    35
       Tailslap          |       |     3 |    17 |     3 ||    23
       Quarterstaff      |       |       |    38 |       ||    38
       Trident           |       |       |    62 |       ||    62
       Hand axe          |       |       |    28 |    26 ||    54
 Cast: Sting             |   101 |    55 |    42 |     6 ||   204
       Olgreb's Toxic Ra |       |     3 |    31 |    13 ||    47
Invok: Sacrifice Health  |       |       |     1 |       ||     1
Evoke: Wand              |       |       |    21 |       ||    21
  Use: Scroll            |       |     3 |    11 |       ||    14
       Potion            |       |       |     2 |       ||     2
 Stab: Sleeping          |       |       |     3 |     1 ||     4
Armor: Robe              |    22 |     6 |    33 |     9 ||    70
Dodge: Dodged            |    77 |    40 |   147 |    68 ||   332

Table legend: (Time is in decaauts)
 A = Elapsed time spent in this place.
 B = Non-inter-level travel time spent in this place.
 C = Inter-level travel time spent in this place.
 D = Time resting spent in this place.
 E = Time spent auto-exploring this place.
 F = Levels seen in this place.
 G = Mean time per level.
                   A        B        C        D        E       F      G
               +--------+--------+--------+--------+--------+-----+--------+
         Total |   7738 |   7385 |    353 |     11 |   5897 |  11 |  703.5 |
       Dungeon |   6909 |   6561 |    348 |     11 |   5393 |   9 |  767.7 |
        Temple |     36 |     31 |      5 |      0 |     12 |   1 |   36.0 |
        Bailey |    792 |    792 |      0 |      0 |    491 |   1 |  792.0 |
               +--------+--------+--------+--------+--------+-----+--------+

Top non-repeatable levels by time:
     D:7: 1176 daAuts
     D:1: 1151 daAuts
     D:5: 1006 daAuts
     D:2: 948 daAuts
     D:8: 840 daAuts
  Bailey: 792 daAuts
     D:6: 730 daAuts
     D:3: 620 daAuts
     D:4: 425 daAuts
  Temple: 36 daAuts
     D:9: 11 daAuts
